PIO (24 & UNDER)
SURREY SINNERS @ SASKATOON SMOKIN' GUNS
09/15/2025
 
TOP OF THE 1ST
Surrey Sinners batting - Pitching for Saskatoon Smokin' Guns : RHP Alex Phillips
Pitching: RHP Alex Phillips
Batting: RHB Augusto Trevino 0-0: Ball
1-0: Foul Ball, location: 2F
1-1: Ball
2-1: Ball
3-1: Base on Balls
Batting: RHB Jamie Swyers 0-0: Foul Ball, location: 2F
0-1: Ball
1-1: Called Strike
1-2: Ball
Augusto Trevino is caught stealing 2nd base
2-2: Foul Ball, location: 2F
2-2: Strikes out swinging
Batting: RHB Marcos Liñares 0-0: Called Strike
0-1: Ball
1-1: Ball
2-1: Ball
3-1: Base on Balls
Batting: RHB Cooper Richard 0-0: Ball
Marcos Liñares steals 2nd base
1-0: Called Strike
1-1: Foul Ball, location: 2F
1-2: Ground out 6-3 (Groundball, 6M)
Top of the 1st over - 0 run(s), 0 hit(s), 0 error(s), 1 left on base; Surrey 0 - Saskatoon 0
BOTTOM OF THE 1ST
Saskatoon Smokin' Guns batting - Pitching for Surrey Sinners : RHP Luis Ramírez
Pitching: RHP Luis Ramírez
Batting: RHB Xavier López 0-0: Called Strike
0-1: Foul Ball, location: 2F
0-2: Foul Ball, location: 2F
0-2: Foul Ball, location: 2F
0-2: Foul Ball, location: 2F
0-2: Strikes out swinging
Batting: SHB Michael Miller 0-0: Foul Ball, location: 2F
0-1: Ball
1-1: Called Strike
1-2: Ball
2-2: Foul Ball, location: 2F
2-2: Ball
3-2: Ground out 4-3 (Groundball, 4)
Batting: LHB José Liñares 0-0: Ball
1-0: Ball
2-0: SINGLE (Line Drive, 4D)
Batting: LHB Raúl Casillán 0-0: Ball
1-0: Ball
2-0: TRIPLE (Line Drive, 3D)
José Liñares scores
Batting: LHB Russell Peck 0-0: Ball
1-0: SINGLE (Line Drive, 6D)
Raúl Casillán scores
Batting: RHB Kenny Thompson 0-0: Ball
1-0: Ball
2-0: Ball
3-0: Called Strike
3-1: Base on Balls
Russell Peck to second
Batting: RHB Johnny MacNamara 0-0: Called Strike
0-1: Fly out, F8 (Flyball, 8RS)
Bottom of the 1st over - 2 run(s), 3 hit(s), 0 error(s), 2 left on base; Surrey 0 - Saskatoon 2
TOP OF THE 2ND
Surrey Sinners batting - Pitching for Saskatoon Smokin' Guns : RHP Alex Phillips
Batting: LHB Tony Smith 0-0: Ball
1-0: Foul Ball, location: 2F
1-1: Swinging Strike
1-2: Ground out U3 (Groundball, 3L)
Batting: RHB Daniel Santiago 0-0: Ball
1-0: Called Strike
1-1: Foul Ball, location: 2F
1-2: Strikes out swinging
Batting: LHB Patrick Ferguson 0-0: Ground out 4-3 (Groundball, 4)
Top of the 2nd over - 0 run(s), 0 hit(s), 0 error(s), 0 left on base; Surrey 0 - Saskatoon 2
BOTTOM OF THE 2ND
Saskatoon Smokin' Guns batting - Pitching for Surrey Sinners : RHP Luis Ramírez
Batting: RHB César Rodríguez 0-0: Foul Ball, location: 2F
0-1: Swinging Strike
0-2: Strikes out looking
Batting: RHB Juan Chávez 0-0: Swinging Strike
0-1: SINGLE (Groundball, 56D)
Batting: RHB Xavier López 0-0: Foul Ball, location: 2F
0-1: Called Strike
0-2: Strikes out swinging
Batting: SHB Michael Miller 0-0: Ball
1-0: Called Strike
1-1: Called Strike
1-2: Ground out 4-3 (Groundball, 34)
Bottom of the 2nd over - 0 run(s), 1 hit(s), 0 error(s), 1 left on base; Surrey 0 - Saskatoon 2
TOP OF THE 3RD
Surrey Sinners batting - Pitching for Saskatoon Smokin' Guns : RHP Alex Phillips
Batting: RHB Félix Castro 0-0: Ball
1-0: Foul Ball, location: 2F
1-1: Reached on error, E3 (Groundball, 3L)
Batting: RHB Ryan Parrish 0-0: Fly out, F7 (Line Drive, 78S)
Batting: RHB Augusto Trevino 0-0: Swinging Strike
0-1: Ball
1-1: Ball
2-1: Called Strike
2-2: Foul Ball, location: 2F
2-2: Grounds into double play, 4-6-3 (Groundball, 4)
Top of the 3rd over - 0 run(s), 0 hit(s), 1 error(s), 0 left on base; Surrey 0 - Saskatoon 2
BOTTOM OF THE 3RD
Saskatoon Smokin' Guns batting - Pitching for Surrey Sinners : RHP Luis Ramírez
Batting: LHB José Liñares 0-0: Ball
1-0: Ball
2-0: SINGLE (Groundball, 4MD) (infield hit)
Batting: LHB Raúl Casillán 0-0: Ball
1-0: Called Strike
1-1: Foul Ball, location: 2F
1-2: Fly out, F7 (Flyball, 7S)
Batting: LHB Russell Peck 0-0: Swinging Strike
0-1: Foul Ball, location: 2F
0-2: Ball
1-2: Strikes out swinging
Batting: RHB Kenny Thompson 0-0: Swinging Strike
0-1: Fly out, F8 (Flyball, 8RM)
Bottom of the 3rd over - 0 run(s), 1 hit(s), 0 error(s), 1 left on base; Surrey 0 - Saskatoon 2
TOP OF THE 4TH
Surrey Sinners batting - Pitching for Saskatoon Smokin' Guns : RHP Alex Phillips
Batting: RHB Jamie Swyers 0-0: Ground out 1-3 (Groundball, 13S)
Batting: RHB Marcos Liñares 0-0: SINGLE (Groundball, 25) (infield hit)
Batting: RHB Cooper Richard 0-0: Ball
Marcos Liñares is caught stealing 2nd base
1-0: Called Strike
1-1: Swinging Strike
1-2: Ball
2-2: Strikes out swinging
Top of the 4th over - 0 run(s), 1 hit(s), 0 error(s), 0 left on base; Surrey 0 - Saskatoon 2
BOTTOM OF THE 4TH
Saskatoon Smokin' Guns batting - Pitching for Surrey Sinners : RHP Luis Ramírez
Batting: RHB Johnny MacNamara 0-0: Ball
1-0: Ball
2-0: Called Strike
2-1: Fly out, F7 (Flyball, 78M)
Batting: RHB César Rodríguez 0-0: DOUBLE (Line Drive, 5D)
Batting: RHB Juan Chávez 0-0: Called Strike
0-1: Foul Ball, location: 2F
0-2: Strikes out swinging
Batting: RHB Xavier López 0-0: Called Strike
0-1: Ball
1-1: Swinging Strike
1-2: Strikes out swinging
Bottom of the 4th over - 0 run(s), 1 hit(s), 0 error(s), 1 left on base; Surrey 0 - Saskatoon 2
TOP OF THE 5TH
Surrey Sinners batting - Pitching for Saskatoon Smokin' Guns : RHP Alex Phillips
Batting: LHB Tony Smith 0-0: Called Strike
0-1: Ball
1-1: Ball
2-1: SINGLE (Line Drive, 8RS)
Batting: RHB Daniel Santiago 0-0: Ball
1-0: Swinging Strike
1-1: Ball
2-1: Ball
3-1: Base on Balls
Tony Smith to second
Batting: LHB Patrick Ferguson 0-0: Ball
1-0: Foul Ball, location: 2F
1-1: Swinging Strike
1-2: Ball
2-2: Foul Ball, location: 2F
2-2: Foul Ball, location: 2F
2-2: Strikes out swinging
Batting: RHB Félix Castro 0-0: Called Strike
0-1: 3-RUN HOME RUN (Flyball, 89XD), Distance : 457 ft
Batting: RHB Ryan Parrish 0-0: Called Strike
0-1: Ball
1-1: Fly out, F9 (Flyball, 89M)
Batting: RHB Augusto Trevino 0-0: Swinging Strike
0-1: Ball
1-1: Ball
2-1: Ball
3-1: Foul Ball, location: 2F
3-2: Strikes out swinging
Top of the 5th over - 3 run(s), 2 hit(s), 0 error(s), 0 left on base; Surrey 3 - Saskatoon 2
BOTTOM OF THE 5TH
Saskatoon Smokin' Guns batting - Pitching for Surrey Sinners : RHP Luis Ramírez
Batting: SHB Michael Miller 0-0: Ground out 3-1 (Groundball, 34)
Batting: LHB José Liñares 0-0: Foul Ball, location: 2F
0-1: SINGLE (Groundball, 6MD) (infield hit)
Batting: LHB Raúl Casillán 0-0: Ball
1-0: Foul Ball, location: 2F
1-1: Ball
2-1: Grounds out, U3 (Groundball, 3L)
Batting: LHB Russell Peck 0-0: Ball
1-0: Called Strike
1-1: Called Strike
1-2: Ball
2-2: Ball
3-2: Reached on error, E4 (Groundball, 4)
José Liñares to third
Batting: RHB Kenny Thompson 0-0: Ball
1-0: Ball
2-0: Foul Ball, location: 2F
2-1: Ball
3-1: Foul Ball, location: 2F
3-2: Foul Ball, location: 2F
3-2: Foul Ball, location: 2F
3-2: Foul Ball, location: 2F
3-2: Strikes out swinging
Bottom of the 5th over - 0 run(s), 1 hit(s), 1 error(s), 2 left on base; Surrey 3 - Saskatoon 2
TOP OF THE 6TH
Surrey Sinners batting - Pitching for Saskatoon Smokin' Guns : RHP Alex Phillips
Batting: RHB Jamie Swyers 0-0: Called Strike
0-1: Called Strike
0-2: Ball
1-2: Ball
2-2: Ball
3-2: Foul Ball, location: 2F
3-2: Ground out 6-3 (Groundball, 6M)
Batting: RHB Marcos Liñares 0-0: Called Strike
0-1: Ball
1-1: Fly out, F8 (Flyball, 89D)
Batting: RHB Cooper Richard 0-0: Called Strike
0-1: Swinging Strike
0-2: Ball
1-2: Ball
2-2: Strikes out swinging
Top of the 6th over - 0 run(s), 0 hit(s), 0 error(s), 0 left on base; Surrey 3 - Saskatoon 2
BOTTOM OF THE 6TH
Saskatoon Smokin' Guns batting - Pitching for Surrey Sinners : RHP Luis Ramírez
Pitching: RHP Sergio Chávez
Batting: RHB Johnny MacNamara 0-0: Ball
1-0: Foul Ball, location: 2F
1-1: Foul Ball, location: 2F
1-2: Strikes out looking
Batting: RHB César Rodríguez 0-0: Ground out 1-3 (Groundball, 15)
Batting: RHB Juan Chávez 0-0: Ball
1-0: Foul Ball, location: 2F
1-1: Fly out, F7 (Flyball, 78M)
Bottom of the 6th over - 0 run(s), 0 hit(s), 0 error(s), 0 left on base; Surrey 3 - Saskatoon 2
TOP OF THE 7TH
Surrey Sinners batting - Pitching for Saskatoon Smokin' Guns : RHP Alex Phillips
Pitching: LHP Ernesto Pérez
Batting: LHB Tony Smith 0-0: Ball
1-0: Called Strike
1-1: Ball
2-1: Fly out, F7 (Line Drive, 78D)
Batting: RHB Daniel Santiago 0-0: Ball
1-0: Ball
2-0: Foul Ball, location: 2F
2-1: Foul Ball, location: 2F
2-2: Ball
3-2: SOLO HOME RUN (Flyball, 78XD), Distance : 458 ft
Batting: LHB Patrick Ferguson 0-0: Ball
1-0: SINGLE (Line Drive, 6D)
Batting: RHB Félix Castro 0-0: Ball
1-0: Swinging Strike
1-1: Ball
2-1: Ball
3-1: SINGLE (Groundball, 34D)
Patrick Ferguson to second
Batting: RHB Ryan Parrish 0-0: Ball
1-0: SINGLE (Line Drive, 78M)
Patrick Ferguson to third
Félix Castro to second
Batting: RHB Augusto Trevino 0-0: Swinging Strike
0-1: Foul Ball, location: 2F
0-2: GRAND SLAM HOME RUN (Flyball, 9D), Distance : 430 ft
Pitching: RHP Carlos Ortíz
Batting: RHB Jamie Swyers 0-0: Called Strike
0-1: TRIPLE (Line Drive, 7LS)
Batting: RHB Marcos Liñares 0-0: Called Strike
0-1: Foul Ball, location: 2F
0-2: SINGLE (Line Drive, 89S)
Jamie Swyers scores
Batting: RHB Cooper Richard Pickoff Throw to First - Error! E1
Marcos Liñares to second
0-0: Called Strike
0-1: Ball
1-1: Ball
2-1: Fly out, F9 (Flyball, 89D)
Runner from 2nd tags up, SAFE at 3rd, no throw
Batting: LHB Tony Smith 0-0: Ball
1-0: Foul Ball, location: 2F
1-1: Swinging Strike
1-2: Ball
2-2: SINGLE (Groundball, 4MD)
Marcos Liñares scores
Pitching: RHP Luis Mejía
Batting: RHB Daniel Santiago 0-0: Called Strike
0-1: SINGLE (Line Drive, 34D)
Tony Smith to second
Batting: LHB Patrick Ferguson 0-0: SINGLE (Groundball, 5D)
Tony Smith to third
Daniel Santiago to second
Runner from 3rd tries for Home, SAFE, no throw or cutoff
Batting: RHB Félix Castro 0-0: Ball
1-0: Ball
2-0: Foul Ball, location: 2F
2-1: Ball
3-1: Base on Balls
Daniel Santiago to third
Patrick Ferguson to second
Batting: RHB Ryan Parrish 0-0: Reached on error, E5 (Groundball, 56S)
Daniel Santiago scores
Patrick Ferguson scores
Félix Castro to third
Batting: RHB Augusto Trevino 0-0: Ball
1-0: Ball
2-0: Ball
3-0: Base on Balls
Batting: RHB Jamie Swyers 0-0: Ball
1-0: Swinging Strike
1-1: Foul Ball, location: 2F
1-2: Foul Ball, location: 2F
1-2: Ball
2-2: Strikes out swinging
Top of the 7th over - 10 run(s), 10 hit(s), 2 error(s), 3 left on base; Surrey 13 - Saskatoon 2
BOTTOM OF THE 7TH
Saskatoon Smokin' Guns batting - Pitching for Surrey Sinners : RHP Sergio Chávez
Batting: RHB Xavier López 0-0: Called Strike
0-1: Ball
1-1: Foul Ball, location: 2F
1-2: Strikes out swinging
Batting: SHB Michael Miller 0-0: Fly out, F7 (Flyball, 78S)
Batting: LHB José Liñares 0-0: Ball
1-0: Swinging Strike
1-1: Foul Ball, location: 2F
1-2: Ball
2-2: Foul Ball, location: 2F
2-2: Strikes out swinging
Bottom of the 7th over - 0 run(s), 0 hit(s), 0 error(s), 0 left on base; Surrey 13 - Saskatoon 2
TOP OF THE 8TH
Surrey Sinners batting - Pitching for Saskatoon Smokin' Guns : RHP Luis Mejía
Batting: RHB Marcos Liñares 0-0: Called Strike
0-1: Called Strike
0-2: Strikes out swinging
Batting: RHB Cooper Richard 0-0: Ball
1-0: Ball
2-0: Ball
3-0: Called Strike
3-1: Base on Balls
Batting: LHB Tony Smith 0-0: Ball
1-0: Foul Ball, location: 2F
1-1: Grounds into double play, 4-6-3 (Groundball, 4)
Top of the 8th over - 0 run(s), 0 hit(s), 0 error(s), 0 left on base; Surrey 13 - Saskatoon 2
BOTTOM OF THE 8TH
Saskatoon Smokin' Guns batting - Pitching for Surrey Sinners : RHP Sergio Chávez
Pitching: RHP Juan Fonseca
Batting: LHB Raúl Casillán 0-0: Ball
1-0: Called Strike
1-1: Swinging Strike
1-2: Strikes out looking
Batting: LHB Russell Peck 0-0: SINGLE (Flyball, 89S)
Batting: RHB Kenny Thompson 0-0: Fly out, F9 (Popup, 8RS)
Batting: RHB Johnny MacNamara 0-0: Swinging Strike
0-1: Ball
1-1: Foul Ball, location: 2F
1-2: Foul Ball, location: 2F
1-2: Ball
2-2: Foul Ball, location: 2F
2-2: Strikes out swinging
Bottom of the 8th over - 0 run(s), 1 hit(s), 0 error(s), 1 left on base; Surrey 13 - Saskatoon 2
TOP OF THE 9TH
Surrey Sinners batting - Pitching for Saskatoon Smokin' Guns : RHP Luis Mejía
Pitching: RHP Melvin Hicks
Batting: RHB Daniel Santiago 0-0: Foul Ball, location: 2F
0-1: Swinging Strike
0-2: Ball
1-2: Strikes out swinging
Batting: LHB Patrick Ferguson 0-0: Called Strike
0-1: Fly out, F8 (Line Drive, 8LM)
Batting: RHB Félix Castro 0-0: Foul Ball, location: 2F
0-1: Foul Ball, location: 2F
0-2: Strikes out looking
Top of the 9th over - 0 run(s), 0 hit(s), 0 error(s), 0 left on base; Surrey 13 - Saskatoon 2
BOTTOM OF THE 9TH
Saskatoon Smokin' Guns batting - Pitching for Surrey Sinners : RHP Juan Fonseca
Batting: RHB César Rodríguez 0-0: Foul Ball, location: 2F
0-1: Ball
1-1: SINGLE (Line Drive, 7LS)
Batting: RHB Juan Chávez 0-0: Foul Ball, location: 2F
0-1: Ball
1-1: Fly out, F7 (Flyball, 7M)
Batting: RHB Xavier López 0-0: Ball
1-0: Foul Ball, location: 2F
1-1: Fly out, F6 (Popup, 56D)
Batting: SHB Michael Miller 0-0: Ball
1-0: Called Strike
1-1: Foul Ball, location: 2F
1-2: Ball
2-2: Strikes out swinging
Bottom of the 9th over - 0 run(s), 1 hit(s), 0 error(s), 1 left on base; Surrey 13 - Saskatoon 2
This league is powered by Out of the Park Baseball, the baseball management simulation game for PC, Mac and Linux
Tuesday, August 2nd, 2016 - OOTP Baseball 16.8 Build 38